 Dungeon Crawl Stone Soup version 0.19.4-10-g532645f (webtiles) character file.

104 tof the Covered (level 4, 0/40 HPs)
             Began as a Minotaur Fighter on Feb 25, 2017.
             Succumbed to a gnoll's poison
             ... on level 3 of the Dungeon.
             The game lasted 00:02:24 (1492 turns).

tof the Covered (Minotaur Fighter)                  Turns: 1492, Time: 00:02:25

Health: 0/40       AC:  7    Str: 21    XL:     4   Next: 52%
Magic:  12/12      EV:  7    Int:  5    God:
Gold:   105        SH:  9    Dex: 10    Spells: 0 memorised, 3 levels left

rFire  . . .     SeeInvis .     a - +0 flail
rCold  . . .     Gourm    .     b - +0 scale mail
rNeg   . . .     Faith    .     c - +0 shield
rPois  .         Spirit   .     (helmet restricted)
rElec  .         Reflect  .     (no cloak)
rCorr  .         Harm     .     (no gloves)
MR     .....                    (no boots)
Stlth  ..........               (no amulet)
                                (no ring)
                                n - ring of magical power

@: lethally poisoned (0 -> -7)
A: retaliatory headbutt, horns 2
a: no special abilities


You were on level 3 of the Dungeon.
You were not hungry.

You visited 1 branch of the dungeon, and saw 3 of its levels.

You collected 105 gold pieces.

Inventory:

Hand Weapons
 a - a +0 flail (weapon)
Armour
 b - a +0 scale mail (worn)
 c - a +0 shield (worn)
Jewellery
 n - a ring of magical power (left hand)
Wands
 r - a wand of disintegration (17/24)
Scrolls
 e - 8 scrolls of identify {unknown}
 g - 3 scrolls of recharging {unknown}
 j - a scroll of enchant weapon {unknown}
 o - 2 scrolls of teleportation {unknown}
 p - a scroll of enchant armour {unknown}
 s - a scroll of remove curse {unknown}
 t - a scroll of magic mapping {unknown}
Potions
 d - 2 potions of might
 h - 2 potions of haste {unknown}
 k - 2 potions of cure mutation {unknown}
 l - a potion of agility {unknown}
 m - a potion of heal wounds {unknown}
Comestibles
 f - 2 bread rations
 i - a meat ration
 q - a beef jerky


   Skills:
 + Level 4.2 Fighting
 + Level 3.9 Maces & Flails
 + Level 4.4 Armour
 + Level 0.4 Dodging
 + Level 4.3 Shields


You had 3 spell levels left.
You didn't know any spells.

Dungeon Overview and Level Annotations

Branches:
Dungeon (3/15)

Altars:
Makhleb


Innate Abilities, Weirdness & Mutations

You reflexively headbutt those who attack you in melee.
You have a pair of horns on your head.


Message History

You feel sick. The gnoll hits you but does no damage.
You see here a halberd of venom.
You barely miss the gnoll.
You feel sick. The gnoll hits you. The gnoll hits you with a spear!
* * * LOW HITPOINT WARNING * * *
The kobold hits you but does no damage.
Your shield and scale mail prevent you from hitting the gnoll.
* * * LOW HITPOINT WARNING * * *
You feel sick. You block the gnoll's attack.
The gnoll hits you but does no damage. The kobold hits you but does no damage.
You barely miss the gnoll.
* * * LOW HITPOINT WARNING * * *
You feel sick. The gnoll hits you.
* * * LOW HITPOINT WARNING * * *
The gnoll hits you but does no damage. The kobold hits you but does no damage.
The gnoll barely misses you. You furiously retaliate!
You headbutt the gnoll, but do no damage.
The gnoll hits you with a spear.
* * * LOW HITPOINT WARNING * * *
You die...

###.....#..
.......#. .. #.
....... ...#.
#.....#
...#.##.....#
...........#
#...##gK######.
#>...g)@.......
#....#..######.
# #.(..#...?.
#.#.#..#.#####
#..#..#.#
#.....#.#
####..#.#
#....รท#.#
#####.#


You could see 2 gnolls and a kobold.

Vanquished Creatures
  4 gnolls
  2 adders
  An ooze (D:2)
  A worm (D:2)
  4 dart slugs
  4 bats
  2 giant cockroaches (D:2)
  A goblin (D:1)
  5 hobgoblins
  A quokka (D:2)
  A ball python (D:2)
  2 frilled lizards (D:1)
  5 kobolds
33 creatures vanquished.

Notes
Turn   | Place    | Note
-------+----------+-------------------------------------------
     0 | D:1      | tof the Minotaur Fighter began the quest for the Orb.
     0 | D:1      | Reached XP level 1. HP: 19/19 MP: 0/0
   110 | D:1      | Reached XP level 2. HP: 26/27 MP: 1/1
   422 | D:2      | Found a burning altar of Makhleb.
   551 | D:2      | Reached XP level 3. HP: 29/33 MP: 2/2
   789 | D:2      | Reached XP level 4. HP: 40/40 MP: 3/3
  1491 | D:3      | HP: 2/40 [gnoll (3)]
  1492 | D:3      | Succumbed to a gnoll's poison

Skill      XL: |  1  2  3 |
---------------+----------+-----
Armour         | 4 |  4.4
Fighting       | 4 |  4.2
Maces & Flails | 3 |  3.9
Shields        | 4 |  4.3
Dodging        | |  0.4

Action                   |  1- 3 |  4- 6 || total
-------------------------+-------+-------++-------
Melee: Flail             |    82 |    23 ||   105
       Headbutt          |    10 |     4 ||    14
  Eat: Chunk             |       |     2 ||     2
Armor: Scale mail        |    29 |    13 ||    42
Dodge: Dodged            |    22 |     8 ||    30
Block: Shield            |    48 |    15 ||    63
